 Dungeon Crawl Stone Soup version 0.17-a0-1497-g03599f7 (webtiles) character file.

188 urechis the Shield-Bearer (level 5, -5/32 HPs)
             Began as a Tengu Fighter on July 6, 2015.
             Slain by an orc
             ... wielding a +0 trident
              (7 damage)
             ... on level 4 of the Dungeon.
             The game lasted 00:04:37 (2850 turns).

urechis the Shield-Bearer (Tengu Fighter)           Turns: 2850, Time: 00:04:37

Health: -5/32      AC:  7    Str: 21    XL:     5   Next: 67%
Magic:  6/6        EV:  7    Int:  8    God:
Gold:   182        SH: 10    Dex: 15    Spells: 0 memorised, 4 levels left

rFire  . . .     SeeInvis .     a - +0 long sword
rCold  . . .     Clarity  .     b - +0 scale mail
rNeg   . . .     SustAt   .     c - +0 shield
rPois  .         Gourm    .     (helmet restricted)
rElec  .         Spirit   .     (no cloak)
rCorr  .         Warding  .     (no gloves)
rMut   .         Stasis   +     (boots unavailable)
MR     .....                    y - amulet of stasis
Stlth  ..........               (no ring)
                                (no ring)

@: mighty, not resistant to hostile enchantments, extremely unstealthy
A: beak, talons 3, able to fly 1
a: Fly


You were on level 4 of the Dungeon.
You were not hungry.

You visited 1 branch of the dungeon, and saw 4 of its levels.

You collected 182 gold pieces.

Inventory:

Hand weapons
 a - a +0 long sword (weapon)
Armour
 b - a +0 scale mail (worn)
 c - a +0 shield (worn)
Jewellery
 j - a cursed amulet of inaccuracy {unknown}
 y - an amulet of stasis (around neck)
Magical devices
 x - a wand of enslavement (16)
Scrolls
 g - 2 scrolls of teleportation {unknown}
 i - a scroll of recharging {unknown}
 k - a scroll of immolation {unknown}
 m - 2 scrolls of enchant armour {unknown}
 r - 2 scrolls of identify {unknown}
 s - 2 scrolls of fear {unknown}
 t - a scroll of random uselessness {unknown}
 v - a scroll of remove curse {unknown}
Potions
 f - a potion of curing {unknown}
 h - a potion of ambrosia {unknown}
 l - a potion of magic {unknown}
 p - 2 potions of brilliance {unknown}
 q - a potion of mutation {unknown}
 w - a potion of cancellation {unknown}
Comestibles
 e - 5 bread rations
 n - 3 beef jerkies
 o - 2 meat rations
 u - 3 fruits


   Skills:
 - Level 3.2 Fighting
 - Level 2.8 Long Blades
 + Level 4.5 Armour
 - Level 5.0 Shields


You had 4 spell levels left.
You didn't know any spells.

Dungeon Overview and Level Annotations

Branches:
Dungeon (4/15)
 Temple: D:4-7

Altars:
Ashenzari
Dithmenos
Okawaru
Zin


Innate Abilities, Weirdness & Mutations

You have a beak for a mouth.
You have claws for feet.
You can fly.


Message History

You block the orc's attack. The orc barely misses you.
You hit the orc.
You kill the orc!
The orc hits you from afar with a trident.
* * * LOW HITPOINT WARNING * * *
An orc comes into view. It is wielding a hand axe.
Drink which item? (? for menu, Esc to quit)
You feel very mighty all of a sudden. The orc closely misses you.
You see here 8 sling bullets.
You hit the orc.
The orc is severely wounded.
The orc hits you but does no damage. x2
You block the orc's attack.
Your shield and scale mail prevent you from hitting the orc.
Your kick misses the orc. Your peck misses the orc.
The orc is severely wounded.
The orc hits you but does no damage.
The orc hits you from afar with a trident!
You die...

........ ...
......# ....
..r..# ....
o...#.....
o.!#... ....
######.#######
#..oo)........
#@####.#######
#o# #.# #.#
#.# #.# #.#
#.# #.# ..#
#.###########
###
#............
#############


You could see 3 orcs.

Vanquished Creatures
  An orc priest (D:4)
  Ijyb (D:2)
  Terence (D:2)
  3 adders
  An ooze (D:1)
  4 worms
  8 orcs
  A giant cockroach (D:1)
  8 goblins
  5 hobgoblins
  A quokka (D:4)
  4 bats
  2 giant geckos
  8 kobolds
  6 rats
54 creatures vanquished.

Notes
Turn   | Place    | Note
--------------------------------------------------------------
     0 | D:1      | urechis the Tengu Fighter began the quest for the Orb.
     0 | D:1      | Reached XP level 1. HP: 14/14 MP: 2/2
    64 | D:1      | Reached XP level 2. HP: 13/19 MP: 3/3
   491 | D:1      | Reached skill level 4 in Shields
   871 | D:2      | Reached XP level 3. HP: 19/23 MP: 4/4
  1043 | D:2      | Noticed Ijyb
  1056 | D:2      | Killed Ijyb
  1056 | D:2      | Reached XP level 4. HP: 21/28 MP: 5/5
  1090 | D:2      | Found a shadowy altar of Dithmenos.
  1330 | D:2      | Noticed Terence
  1336 | D:2      | Killed Terence
  1336 | D:2      | Reached skill level 5 in Shields
  1698 | D:3      | Found a shattered altar of Ashenzari.
  1717 | D:3      | Found a glowing silver altar of Zin.
  1954 | D:3      | Gained mutation: You can fly. [Tengu growth]
  1954 | D:3      | Reached XP level 5. HP: 32/32 MP: 6/6
  2163 | D:3      | Found an iron altar of Okawaru.
  2199 | D:3      | Found a faded altar to an unknown god.
  2844 | D:4      | HP: 1/32 [orc/trident (2)]
  2850 | D:4      | Slain by an orc

Vault maps used:
D:1:      co_arrival_random_square_maze, serial_park_tiny_pond,
          minmay_misc_feat_iff
D:2:      lemuel_coloured_pillars_altar, minmay_door_square, uniq_iyjb,
          uniq_terence
D:3:      old_standard_altar, nicolae_overflow_crystal_walls,
          overflow_temple_1_default, serial_co_window_serial,
          co_window_of_opportunity_a, co_window_paths_b, co_window_corner_a,
          co_window_of_opportunity_a, co_window_corner_a, co_window_corner_a,
          co_window_corner_a, co_window_paths_b, co_window_corner_a,
          co_window_paths_c, co_window_paths_c, co_window_unsneaky_path_a,
          co_window_unsneaky_path_c, glass_columns_a, first_bread,
          ecumenical_altar_1, minivault_23
D:4:      minmay_misc_feat_rows

Action                   |  1- 3 |  4- 6 || total
-------------------------+-------+-------++-------
Melee: Long sword        |    66 |   102 ||   168
  Use: Potion            |       |     1 ||     1
 Stab: Distracted        |       |     1 ||     1
  Eat: Chunk             |       |     6 ||     6
